 Dungeon Crawl Stone Soup version 0.22.1-1-ga44c0e56f4 (webtiles) character file.

2184 Riddle the Fanfare of Bloodshed (level 9, -7/72 HPs)
             Began as a Demonspawn Monk on Oct 3, 2018.
             Was a Believer of Makhleb.
             Mangled by an orc knight
             ... wielding a +0 glaive
              (10 damage)
             ... in a bailey.
             The game lasted 00:14:44 (6714 turns).

Riddle the Fanfare of Bloodshed (Demonspawn Monk)   Turns: 6714, Time: 00:14:44

Health: -7/72      AC: 16    Str: 18 (21) XL:     9   Next: 11%
Magic:  16/16      EV: 14    Int: 10 (11) God:    Makhleb [**....]
Gold:   439        SH:  0    Dex: 18 (20) Spells: 8/8 levels left

rFire    . . .     SeeInvis .   o - +1 rapier (drain)
rCold    . . .     Gourm    +   (no shield)
rNeg     . . .     Faith    .   v - +0 chain mail
rPois    .         Spirit   .   g - +1 helmet
rElec    .         Reflect  .   (no cloak)
rCorr    .         Harm     .   (no gloves)
MR       .....                  d - +0 pair of boots
Stlth    ..........             h - amulet of the gourmand
HPRegen  0.22/turn              (no ring)
MPRegen  0.15/turn              (no ring)

@: mighty, agile, hasted, very quick
A: hooves 1, molten scales 2, powered by pain 1
a: Minor Destruction, Renounce Religion


You were in a bailey.
You worshipped Makhleb.
Makhleb was pleased with you.
You were very full.

You visited 2 branches of the dungeon, and saw 8 of its levels.
You also visited: Bailey.

You collected 439 gold pieces.

Inventory:

Hand Weapons
 o - a +1 rapier of draining (weapon)
Armour
 d - a +0 pair of boots (worn)
 g - a +1 helmet (worn)
 v - a +0 chain mail (worn)
Jewellery
 h - an amulet of the gourmand (around neck)
Wands
 s - a wand of acid (6)
 t - a wand of polymorph (14)
 u - a wand of digging (15)
Scrolls
 e - 4 scrolls of amnesia
 i - 5 scrolls of identify
 m - 3 scrolls of remove curse
 q - a scroll of teleportation
Potions
 b - a potion of haste
 f - 3 potions of curing
 k - a potion of brilliance
 n - a potion of heal wounds
 r - a potion of flight
 w - a potion of might
Comestibles
 c - 16 rations


   Skills:
 + Level 7.3 Fighting
   Level 2.6 Axes
 + Level 6.0 Armour
 - Level 2.6 Dodging
 - Level 1.7 Stealth
 * Level 9.7 Invocations


You had 8 spell levels left.
You didn't know any spells.
Your spell library was empty.

Dungeon Overview and Level Annotations

Branches:
Dungeon (7/15)             Temple (1/1) D:4

Altars:
Ashenzari
Cheibriados
Dithmenos
Elyvilon
Fedhas
Gozag
Hepliaklqana
Makhleb
Nemelex Xobeh
Qazlal
Ru
Sif Muna
Trog
Uskayaw
Vehumet
Wu Jian
Xom
Yredelemnul
Zin
The Shining One


Innate Abilities, Weirdness & Mutations

You have large cloven feet.
You are mostly covered in molten scales. (AC +3)
You sometimes gain a little power by taking damage.


Message History

The orc knight is lightly wounded.
The zap hits the orc warrior.
The orc warrior appears unharmed.
The orc warrior is moderately wounded.
Your ynoxinul gestures.
Your ufetubus hits the orc knight.
Your ufetubus closely misses the orc knight.
Your ufetubus barely misses the orc knight.
Your ufetubus hits the orc knight.
The orc knight hits you from afar with a glaive!!
* * * LOW HITPOINT WARNING * * *
Your ufetubus hits the orc warrior but does no damage.
Your ufetubus closely misses the orc warrior.
Your ufetubus closely misses the orc knight.
Your ufetubus hits the orc knight but does no damage.
Your ynoxinul closely misses the orc knight.
Your ufetubus barely misses the orc warrior.
Your ufetubus hits the orc warrior but does no damage.
The orc warrior misses your ynoxinul.
The orc knight hits you from afar with a glaive!
You die...

#######
##..∩..##
#..)....#
#∩)5oo.∩#
#..53o..#
#))55))o#
#...)..@#
#....)..#
#..)).).#
#....)..#
#.......#
#.......#
##.....##
###'###
#...#


You could see 2 orc knights, an orc warrior, an orc, a friendly ynoxinul and 4
friendly ufetubi.

Vanquished Creatures
  Pikel (D:5)
  Grinder (D:5)
  Duvessa (D:5)
  3 orc warriors
  2 slaves
  A black bear (D:6)
  2 centaurs
  Dowan (D:5)
  A scorpion (D:6)
  A howler monkey (D:4)
  2 crimson imps
  An orc priest (D:6)
  A centaur skeleton (D:5)
  A hound (D:4)
  6 orc wizards
  3 iguanas
  2 worker ants (D:6)
  A killer bee zombie (D:7)
  A hound zombie (D:7)
  A worker ant zombie (D:6)
  A howler monkey skeleton (D:5)
  2 adders
  3 shadow imps (D:5)
  An ooze (D:4)
  2 adder skeletons (D:4)
  2 worms
  2 dart slugs
  7 leopard geckos
  29 orcs
  3 giant cockroaches
  9 goblins
  4 hobgoblins
  4 kobolds (D:1)
  A quokka (D:6)
  3 ball pythons
  7 bats
  3 frilled lizards
  A leopard gecko skeleton (D:4)
  A quokka skeleton (D:5)
  5 rats
123 creatures vanquished.

Vanquished Creatures (collateral kills)
  4 orc warriors (Bailey)
  19 orcs (Bailey)
23 creatures vanquished.

Vanquished Creatures (others)
  2 slaves (D:5)
2 creatures vanquished.

Grand Total: 148 creatures vanquished

Notes
Turn   | Place    | Note
-------+----------+-------------------------------------------
     0 | D:1      | Riddle the Demonspawn Monk began the quest for the Orb.
     0 | D:1      | Reached XP level 1. HP: 18/18 MP: 1/1
   235 | D:1      | Found a sparkling altar of Nemelex Xobeh.
   303 | D:1      | Reached skill level 1 in Armour
   303 | D:1      | Gained mutation: You are partially covered in molten
                  | scales. (AC +2) [demonic ancestry]
   303 | D:1      | Reached XP level 2. HP: 15/24 MP: 2/2
  1080 | D:2      | Found a hide-covered altar of Uskayaw.
  1247 | D:2      | Reached XP level 3. HP: 29/29 MP: 3/3
  1291 | D:2      | Found a blossoming altar of Fedhas.
  1645 | D:3      | Found a snail-covered altar of Cheibriados.
  1681 | D:3      | Found a glowing golden altar of the Shining One.
  1986 | D:3      | Found a white marble altar of Elyvilon.
  2262 | D:4      | Gained mutation: You sometimes gain a little power by
                  | taking damage. [demonic ancestry]
  2262 | D:4      | Reached XP level 4. HP: 36/37 MP: 4/4
  2292 | D:4      | Gained mutation: You are mostly covered in molten scales.
                  | (AC +3) [demonic ancestry]
  2292 | D:4      | Reached XP level 5. HP: 39/43 MP: 5/5
  2303 | D:4      | Found a staircase to the Ecumenical Temple.
  2457 | Temple   | Entered the Ecumenical Temple
  2465 | Temple   | Became a worshipper of Makhleb the Destroyer
  2465 | Temple   | Reached * piety under Makhleb
  2465 | Temple   | Reached ** piety under Makhleb
  2557 | D:4      | Found an ornate altar of the Wu Jian Council.
  2571 | D:4      | Reached skill level 5 in Fighting
  2632 | D:4      | Found a shadowy altar of Dithmenos.
  3184 | D:5      | Entered Level 5 of the Dungeon
  3184 | D:5      | Noticed Pikel
  3184 | D:5      | Noticed a slave
  3184 | D:5      | Noticed a slave
  3184 | D:5      | Noticed a slave
  3184 | D:5      | Noticed a slave
  3229 | D:4      | Killed a slave
  3488 | D:5      | Reached skill level 1 in Invocations
  3488 | D:5      | Gained mutation: You have large cloven feet. [demonic
                  | ancestry]
  3488 | D:5      | Reached XP level 6. HP: 48/51 MP: 5/7
  3587 | D:5      | Reached skill level 2 in Invocations
  3711 | D:5      | Noticed Grinder
  3852 | D:5      | Noticed Duvessa
  3856 | D:5      | Noticed Dowan
  3865 | D:5      | Killed Duvessa
  3865 | D:5      | Reached skill level 3 in Invocations
  3871 | D:5      | Killed Dowan
  3874 | D:5      | Reached skill level 4 in Invocations
  3949 | D:5      | Found an opulent altar of Gozag.
  3953 | D:5      | Reached XP level 7. HP: 56/56 MP: 10/10
  4097 | D:5      | Found a stormy altar of Qazlal.
  4197 | D:5      | Reached skill level 5 in Invocations
  4298 | D:5      | Killed Pikel
  4298 | D:5      | Reached skill level 6 in Invocations
  4298 | D:5      | Reached XP level 8. HP: 28/65 MP: 10/13
  4339 | D:5      | Killed Grinder
  4339 | D:5      | Reached skill level 5 in Armour
  4339 | D:5      | Reached skill level 7 in Invocations
  5201 | D:6      | Reached *** piety under Makhleb
  5238 | D:6      | Reached skill level 8 in Invocations
  5488 | D:6      | Found a bloodstained altar of Trog.
  5607 | D:7      | Found a sacrificial altar of Ru.
  5798 | D:7      | Reached skill level 9 in Invocations
  5841 | D:7      | Found a flagged portal.
  5869 | Bailey   | Entered a bailey
  6147 | Bailey   | Reached XP level 9. HP: 14/72 MP: 14/16
  6655 | Bailey   | Noticed an orc knight
  6656 | Bailey   | Noticed an orc knight
  6713 | Bailey   | HP: 3/72 [orc knight/glaive (19)]
  6714 | Bailey   | Mangled by an orc knight

Skill      XL: |  1  2  3  4  5  6  7  8  9 |
---------------+----------------------------+-----
Armour         | 1 2 3 4 5 6 |  6.0
Fighting       | 4 5 6 7 |  7.3
Invocations    | 1 4 6 9 |  9.7
Axes           | |  2.6
Dodging        | |  2.6
Stealth        | |  1.7

Action                   |  1- 3 |  4- 6 |  7- 9 || total
-------------------------+-------+-------+-------++-------
Melee: Hand axe          |    35 |       |       ||    35
       Dagger            |   103 |       |       ||   103
       Rapier            |    19 |   173 |    13 ||   205
Invok: Minor Destruction |       |    46 |   154 ||   200
       Lesser Servant of |       |       |    13 ||    13
  Use: Scroll            |       |       |     6 ||     6
       Potion            |       |       |    15 ||    15
 Stab: Sleeping          |     5 |     1 |       ||     6
  Eat: Chunk             |     4 |     8 |    16 ||    28
Armor: Robe              |    44 |       |       ||    44
       Ring mail         |    28 |   106 |     3 ||   137
       Chain mail        |       |       |    52 ||    52
Dodge: Dodged            |   103 |   114 |    43 ||   260
